AoeStats
← ABdirtyoil

Arabia

505031416Analyzed
2v2 RM · 26d ago on Sep 7, 2026· 60m 5s· 4 players
Game mode
Random Map
Map size
Medium (4 player)
Population
200
Speed
Normal
Resources
Standard
Victory
Conquest
Starting age
Dark Age
Ending age
Imperial Age
RankedLock teamsTeams togetherTeam positionsShared explorationLock speedFull tech treeHidden civsTurbo modeCheats
Victory
Defeat
🇨🇦 Magyars · Canada
934
+17
🇨🇦 Tatars · Canada
923
+17
🇦🇹 Italians · Austria
976
-18
🇪🇸 Khmer · Spain
934
-16
bischlar
4:15 Loom
11:09 Feudal Age
11:54 Double-Bit Axe
13:45 Fletching
17:43 Castle Age
16:02 Fletching
16:26 Horse Collar
16:41 Gold Mining
18:25 Bloodlines
21:00 Bow Saw
22:03 Bodkin Arrow
26:00 Wheelbarrow
26:12 Ballistics
26:23 Husbandry
26:54 Town Watch
31:15 Squires
31:49 Pikeman
32:45 Elite Skirmisher
33:39 Scale Barding Armor
38:39 Imperial Age
38:24 Hand Cart
38:59 Heavy Plow
40:05 Conscription
41:15 Town Patrol
41:18 Halberdier
43:17 Bracer
43:38 Chain Barding Armor
44:54 Stone Mining
45:41 Timurid Siegecraft
46:40 Plate Barding Armor
47:02 Forging
46:53 Scale Mail Armor
48:09 Light Cavalry
54:46 Chemistry
53:42 Murder Holes
55:38 Padded Archer Armor
56:15 Iron Casting
ABdirtyoil
4:37 Loom
11:43 Feudal Age
12:23 Double-Bit Axe
17:08 Fletching
19:31 Padded Archer Armor
22:09 Wheelbarrow
27:52 Castle Age
26:02 Scale Mail Armor
26:41 Horse Collar
28:05 Pikeman
28:47 Crossbowman
29:25 Bodkin Arrow
30:19 Heavy Plow
32:30 Hand Cart
34:08 Corvinian Army
34:47 Leather Archer Armor
35:27 Ballistics
35:04 Murder Holes
35:53 Bow Saw
35:54 Gold Mining
35:55 Stone Mining
36:36 Treadmill Crane
37:07 Masonry
42:10 Gold Shaft Mining
41:47 Scale Barding Armor
42:34 Town Watch
43:13 Chain Barding Armor
47:19 Imperial Age
47:35 Chain Mail Armor
49:22 Conscription
49:41 Crop Rotation
49:54 Plate Barding Armor
49:55 Town Patrol
51:22 Two-Man Saw
50:28 Elite Magyar Huszar
53:08 Bracer
56:07 Ring Archer Armor
56:00 Elite Skirmisher
56:49 Thumb Ring
56:07 Heavy Cavalry Archer
56:09 Arbalester
57:06 Siege Engineers
56:53 Heated Shot
58:05 Chemistry
Bueno, voume pa casa lo
7:50 Loom
10:30 Feudal Age
11:24 Double-Bit Axe
11:28 Horse Collar
13:18 Loom
17:52 Wheelbarrow
19:00 Scale Barding Armor
19:06 Forging
19:13 Bloodlines
19:20 Town Watch
22:10 Castle Age
21:08 Gold Mining
23:04 Husbandry
25:02 Bow Saw
27:08 Chain Barding Armor
27:24 Iron Casting
27:10 Light Cavalry
35:39 Stone Mining
53:22 Imperial Age
55:10 Gold Shaft Mining
54:57 Hand Cart
55:06 Double Crossbow
55:06 Heavy Scorpion
Not at work4898
11:39 Feudal Age
12:17 Double-Bit Axe
14:38 Horse Collar
23:29 Castle Age
22:06 Fletching
22:18 Padded Archer Armor
22:07 Town Watch
25:20 Heavy Plow
25:20 Elite Skirmisher
26:06 Thumb Ring
26:53 Bow Saw
35:05 Imperial Age
33:02 Ballistics
35:37 Leather Archer Armor
37:48 Silk Road
39:19 Two-Man Saw
38:52 Crop Rotation
38:22 Bodkin Arrow
39:23 Bracer
41:02 Chemistry
42:09 Ring Archer Armor
42:36 Conscription
46:01 Elite Genoese Crossbowman
Connection lost

Rejoining the realm…

Still unreachable

The connection could not be restored.

Session expired

The server has moved on; the page needs a fresh start.